 Dungeon Crawl Stone Soup version 0.30.0-29-ga12c61a403 (webtiles) character file.

Game seed: 15092634138965253281

359 MacCMillion the Caller (level 6, -3/35 HPs)
             Began as a Tengu Summoner on June 7, 2023.
             Killed from afar by a white imp (8 damage)
             ... with a puff of frost
             ... on level 5 of the Dungeon.
             The game lasted 00:10:12 (3897 turns).

MacCMillion the Caller (Tengu Summoner)             Turns: 3897, Time: 00:10:12

Health: -3/35      AC:  2    Str:  8    XL:     6   Next: 65%
Magic:  2/11       EV: 15    Int: 18    God:
Gold:   135        SH:  0    Dex: 14    Spells: 5/11 levels left

rFire   . . .        k - +0 quick blade
rCold   . . .        (no shield)
rNeg    . . .        a - +0 robe
rPois   +            (helmet restricted)
rElec   .            (no cloak)
rCorr   .            (no gloves)
SInv    .            (boots unavailable)
Will    .....        (no amulet)
Stlth   ++           i - ring of poison resistance
HPRegen 0.25/turn    (no ring)
MPRegen 0.12/turn

%: no passive effects
@: flying quickly and evasively, quick
A: beak, talons 3, nimble flight
a: no special abilities


You were on level 5 of the Dungeon.
You visited 1 branch of the dungeon, and saw 5 of its levels.

You collected 135 gold pieces.

Inventory:

Hand Weapons
 e - a +0 dagger
 k - a +0 quick blade (weapon)
Armour
 a - a +0 robe (worn)
 f - a +0 leather armour
Jewellery
 i - a ring of poison resistance (left hand)
 o - an amulet of reflection
 q - an amulet of the acrobat
Scrolls
 d - 4 scrolls of identify {unknown}
 j - a scroll of fog {unknown}
 l - 3 scrolls of enchant armour {unknown}
 s - a scroll of poison {unknown}
 t - a scroll of amnesia {unknown}
Potions
 b - a potion of magic
 c - 2 potions of degeneration {unknown}
 g - a potion of cancellation {unknown}
 h - a potion of brilliance {unknown}
 m - a potion of haste {unknown}
 n - a potion of curing {unknown}
 p - a potion of flight {unknown}
 r - a potion of berserk rage {unknown}


   Skills:
 + Level 2.3 Fighting
 + Level 3.7 Dodging
 - Level 3.0 Stealth
 - Level 3.0 Spellcasting
 - Level 7.0 Summonings


You had 5 spell levels left.
You knew the following spells:

 Your Spells              Type           Power      Damage    Failure   Level
a - Summon Small Mammal   Summ           100%       N/A       1%          1
b - Call Imp              Summ           54%        N/A       1%          2
c - Call Canine Familiar  Summ           27%        N/A       2%          3

Your spell library contained the following spells:

 Spells                   Type           Power      Damage    Failure   Level
 Summon Guardian Golem    Hex/Summ       15%        N/A       12%         3
 Apportation              Tloc           4%         N/A       16%         1
 Necrotise                Necr           8%         1d4       16%         1
 Summon Lightning Spire   Summ/Air       15%        N/A       36%         4


Dungeon Overview and Level Annotations

Branches:
Dungeon (5/15)
 Temple: D:4-7

Altars:

Shops:
D:1 (


Innate Abilities, Weirdness & Mutations

You have a beak for a mouth.
You have claws for feet.
Your magical nature lets you fly swiftly and evasively.


Message History

You closely miss the white imp.
The white imp is almost dead.
The white imp barely misses you.
The orc hits your cerulean imp with a +0 whip.
Your cerulean imp dies!
Your cerulean imp disappears in a puff of smoke!
Your hound bites the white imp.
The white imp dies!
Training target 3.0 for Stealth reached!
Your Stealth skill increases to level 3!
Something hits your hound. x2
Your hound bites something. x2
Your hound resists with significant effort.
Your hound closely misses something.
Something misses your hound.
Your hound bites something but does no damage.
Your hound closely misses something.
Okay, then.
Something closely misses your hound.
A white imp comes into view.
Your hound closely misses something.
Your hound bites something but does no damage.
The white imp shouts!
You hear a shout!
The white imp closely misses you.
Your hound bites something.
You barely miss the white imp.
A magic dart appears from out of thin air!
The magic dart hits your hound!
Your hound dies!
Your hound's corpse disappears in a puff of smoke!
The white imp hits you but does no damage.
Casting: Call Canine Familiar (dangerous; 2% risk of failure)
Confirm with . or Enter, or press ? or * to list all spells.
The white imp gestures at you. The puff of frost hits you!
* * * LOW HITPOINT WARNING * * *
An orc comes into view. It is wielding a +0 short sword.
Your hound bites the white imp.
The white imp closely misses you.
Your hound barely misses the white imp.
The white imp gestures at you. The puff of frost misses your hound.
The puff of frost hits you!
You die...

#.#.###.#
#.......#
###.##### #.###
... #.#.##
....###....####
.....o........+
....#..5...####
.. #.#.h@##
#.....# #.....#
#.....# #.....#
#.....# #.#..##
###
#....#########.#
###.##......#..#


You could see a white imp (ally target), an orc and a friendly hound (summoned).

Vanquished Creatures
  A sleepcap (D:4)
  An orc wizard (D:5)
  2 adders (D:2)
  2 worms (D:2)
  3 dart slugs (D:1)
  An orc (D:5)
  A ball python (D:2)
  2 endoplasms (D:3)
  2 goblins
  4 hobgoblins
  2 bats
  A kobold (D:4)
  A rat (D:3)
23 creatures vanquished.

Vanquished Creatures (collateral kills)
  4 hounds
  2 iguanas (D:4)
  A gnoll (D:4)
  An adder (D:2)
  A white imp (D:5)
  A worm (D:4)
  2 dart slugs (D:4)
  6 orcs
  5 bats
  5 endoplasms
  4 giant cockroaches
  A goblin (D:1)
  2 hobgoblins
  A jackal (D:1)
  3 quokkas
  6 ball pythons
  2 frilled lizards
  2 kobolds (D:1)
  2 rats (D:1)
51 creatures vanquished.

Grand Total: 74 creatures vanquished

Notes
Turn   | Place    | Note
-------+----------+-------------------------------------------
     0 | D:1      | MacCMillion the Tengu Summoner began the quest for the Orb.
     0 | D:1      | Reached XP level 1. HP: 10/10 MP: 4/4
    83 | D:1      | Found a faded altar of an unknown god.
   172 | D:1      | Reached XP level 2. HP: 15/15 MP: 4/6
   188 | D:1      | Reached skill level 5 in Summonings
   191 | D:1      | Found Plog's Antique Weapon Emporium.
   554 | D:1      | Reached XP level 3. HP: 18/19 MP: 4/7
  1344 | D:2      | Learned a level 2 spell: Call Imp
  1348 | D:2      | Learned a level 3 spell: Call Canine Familiar
  1388 | D:2      | Reached XP level 4. HP: 24/24 MP: 5/9
  1632 | D:2      | Reached skill level 6 in Summonings
  2522 | D:4      | Gained mutation: Your magical nature lets you fly swiftly
                  | and evasively. [Tengu growth]
  2522 | D:4      | Reached XP level 5. HP: 23/28 MP: 7/10
  2896 | D:4      | Reached skill level 7 in Summonings
  2899 | D:4      | Reached skill level 1 in Fighting
  3099 | D:4      | Reached XP level 6. HP: 32/34 MP: 6/11
  3731 | D:5      | Entered Level 5 of the Dungeon
  3897 | D:5      | Killed from afar by a white imp

Illustrated notes

Levels and vault maps discovered:
D:1:      sevenhm_arrival_forest_fort_small_1, layout_loops_ring, serial_shops,
          nicolae_square_shop, hellmonk_ecumenical_altar_blasted,
          minmay_surrounded
D:2:      layout_rooms
D:3:      layout_loops_ring
D:4:      layout_loops_cross, hangedman_decor_push, cheibrodos_gnoll_hut
D:5:      layout_loops_corners, columned_hall_lemuel

Skill      XL: |  1  2  3  4  5  6 |
---------------+-------------------+-----
Summonings     | 5 6 7 |  7.0
Spellcasting   | 3 |  3.0
Fighting       | 1 2 |  2.3
Dodging        | 3 |  3.7
Stealth        | 3 |  3.0

Action                     |  1- 3 |  4- 6 || total
---------------------------+-------+-------++-------
  Melee: Unarmed           |     6 |       ||     6
         Kick              |     9 |    18 ||    27
         Peck              |     6 |    12 ||    18
         Dagger            |     6 |       ||     6
         Quick blade       |    18 |    62 ||    80
   Cast: Summon Small Mamm |    55 |    20 ||    75
         Call Imp          |     1 |    22 ||    23
         Call Canine Famil |       |    14 ||    14
   Stab: Sleeping          |       |     3 ||     3
         Distracted        |       |     1 ||     1
 Armour: Robe              |    14 |    10 ||    24
  Dodge: Dodged            |    24 |    28 ||    52
